 Dungeon Crawl Stone Soup version 0.20-a0-1116-gaa52201 (webtiles) character file.

110 Deathtrap2010 the Shooter (level 5, -4/37 HPs)
             Began as a Human Wanderer on May 7, 2017.
             Was a Priest of Jiyva.
             Slain by an ogre
             ... wielding a +0 giant spiked club
              (28 damage)
             ... on level 4 of the Dungeon.
             The game lasted 00:09:58 (1727 turns).

Deathtrap2010 the Shooter (Human Wanderer)          Turns: 1727, Time: 00:09:59

Health: -4/37      AC:  6    Str: 12    XL:     5   Next: 14%
Magic:  5/5        EV: 10    Int: 15    God:    Jiyva [***...]
Gold:   46         SH:  0    Dex: 11    Spells: 4/4 levels left

rFire    . . .     SeeInvis .   c - +0 hand axe
rCold    . . .     Gourm    .   (no shield)
rNeg     . . .     Faith    .   d - +1 ring mail
rPois    .         Spirit   .   (no helmet)
rElec    .         Reflect  .   (no cloak)
rCorr    +         Harm     .   (no gloves)
MR       .....                  (no boots)
Stlth    +.........             (no amulet)
Regen    0.2/turn               (no ring)
MPRegen  0.1/turn               (no ring)

@: no status effects
A: no striking features
a: Request Jelly, Renounce Religion


You were on level 4 of the Dungeon.
You worshipped Jiyva.
Jiyva was most pleased with you.
You were not hungry.

You visited 1 branch of the dungeon, and saw 4 of its levels.

You collected 46 gold pieces.

Inventory:

Hand Weapons
 c - a +0 hand axe (weapon)
Armour
 d - a +1 ring mail (worn)
Comestibles
 f - a bread ration
 g - a royal jelly


   Skills:
 * Level 1.3 Fighting
 * Level 1.4 Axes
   Level 3.9 Bows
 - Level 1.0 Throwing
 * Level 3.0 Armour
 * Level 1.3 Dodging
 - Level 1.0 Stealth
   Level 3.0 Necromancy


You had 4 spell levels left.
You didn't know any spells.

Dungeon Overview and Level Annotations

Branches:
Dungeon (4/15)
 Temple: D:4-7

Altars:
Jiyva


Message History

The worker ant bites you but does no damage.
The worker ant waves its antennae.
The worker ant bites you.
An ogre comes into view. It is wielding a giant spiked club.
The ogre shouts!
You hit the worker ant.
The worker ant is severely wounded.
The worker ant closely misses you.
You hit the worker ant.
You kill the worker ant!
Your Armour skill increases to level 3!
You have reached level 5!
You hit the ogre but do no damage.
The ogre is severely wounded.
The ogre barely misses you.
You barely miss the ogre.
The ogre is severely wounded.
The ogre hits you with a giant spiked club!!
Ouch! That really hurt!
You die...

### #.# #.#
#.###########################
............................#
###########################.#
........#... #.# ###.#.###
#.# #.O@....# #.# #.#.#.#.#
#.##.# ...#.#.# #.##.# ###
#.# # #.##.# #.# #.##.# #.#
#.##.# #.# #.##.# #.# #.##.##
#.#######.....#


You could see an ogre.

Vanquished Creatures
  A hound (D:4)
  Natasha (D:2)
  A worker ant (D:4)
  2 dart slugs
  2 leopard geckos
  An orc (D:3)
  A ball python (D:3)
  3 bats
  A giant cockroach (D:2)
  4 goblins
  2 hobgoblins (D:1)
  A jackal (D:3)
  3 kobolds
  A frilled lizard (D:3)
  5 rats
29 creatures vanquished.

Vanquished Creatures (others)
  3 jellies
  2 orc wizards (D:3)
  A worker ant (D:4)
  4 adders
  2 leopard geckos (D:3)
  9 orcs
  A ball python (D:3)
  A giant cockroach (D:4)
  2 hobgoblins (D:3)
  A jackal (D:3)
  2 frilled lizards
  A leopard gecko zombie (D:4)
29 creatures vanquished.

Grand Total: 58 creatures vanquished

Notes
Turn   | Place    | Note
-------+----------+-------------------------------------------
     0 | D:1      | Deathtrap2010 the Human Wanderer began the quest for the Orb.
     0 | D:1      | Deathtrap2010 set off with: a +2 shortbow, 24 arrows, a +0 hand axe, a +0 ring mail, a bread ration
     0 | D:1      | Reached XP level 1. HP: 13/13 MP: 1/1
   168 | D:1      | Reached XP level 2. HP: 18/19 MP: 2/2
   630 | D:2      | Noticed Natasha
   634 | D:2      | Reached XP level 3. HP: 24/24 MP: 3/3
   639 | D:2      | Killed Natasha
   699 | D:3      | Found a faded altar of an unknown god.
   713 | D:3      | Became a worshipper of Jiyva Joitygg the Shapeless
   713 | D:3      | Reached * piety under Jiyva
   797 | D:3      | Reached XP level 4. HP: 22/31 MP: 4/4
  1099 | D:3      | Reached skill level 1 in Dodging
  1130 | D:3      | Reached ** piety under Jiyva
  1454 | D:4      | Reached skill level 1 in Axes
  1497 | D:4      | Reached skill level 1 in Fighting
  1694 | D:4      | Reached *** piety under Jiyva
  1724 | D:4      | Noticed an ogre
  1725 | D:4      | Reached XP level 5. HP: 24/37 MP: 5/5
  1727 | D:4      | Slain by an ogre

Vault maps used:
D:1:      co_arrival_random_square_maze
D:2:      uniq_jessica, uniq_natasha
D:3:      first_bread, chequers_ecumenical_altar_twisty, kennysheep_cross_room
D:4:      minmay_temple_entry_glassed_door, uniq_edmund

Skill      XL: |  1  2  3  4 |
---------------+-------------+-----
Dodging        | 1 |  1.3
Axes           | 1 |  1.4
Fighting       | 1 |  1.3
Armour         | 3 |  3.0
Bows           | |  3.9
Throwing       | |  1.0
Stealth        | |  1.0
Necromancy     | |  3.0

Action                   |  1- 3 |  4- 6 || total
-------------------------+-------+-------++-------
Melee: Shortbow          |    24 |       ||    24
       Hand axe          |     1 |    78 ||    79
 Fire: Shortbow          |    41 |       ||    41
Invok: Request Jelly     |     1 |     2 ||     3
  Use: Potion            |     4 |     1 ||     5
       Scroll            |     3 |     5 ||     8
  Eat: Bread ration      |       |     1 ||     1
Armor: Ring mail         |    22 |    37 ||    59
Dodge: Dodged            |    29 |    51 ||    80
